 Dungeon Crawl Stone Soup version 0.29.1-2-gbd0b4ee654 (webtiles) character file.

Game seed: 4273677046406373356

51 H0rd4k the Insei (level 3, -3/23 HPs)
             Began as an Octopode Transmuter on Oct 25, 2022.
             Slain by Sigmund
             ... wielding a +0 scythe
              (11 damage)
             ... on level 2 of the Dungeon.
             The game lasted 00:01:18 (2319 turns).

H0rd4k the Insei (Octopode Transmuter)              Turns: 2319, Time: 00:01:19

Health: -3/23      AC:  1    Str:  9    XL:     3   Next: 81%
Magic:  6/6        EV: 13    Int: 17    God:
Gold:   196        SH:  0    Dex: 12    Spells: 3/7 levels left

rFire   . . .      SeeInvis .     - Unarmed
rCold   . . .      Faith    .   (no shield)
rNeg    . . .      Spirit   .   (helmet restricted)
rPois   .          Reflect  .   (no amulet)
rElec   .          Harm     .   i - ring of willpower
rCorr   .          Rampage  .   (no ring)
Will    +....                   (no ring)
Stlth   ++........              (no ring)
HPRegen 0.07/turn               (no ring)
MPRegen 0.10/turn               (no ring)
                                (no ring)
                                (no ring)

@: no status effects
A: almost no armour, amphibious, 8 rings, camouflage 1, gelatinous body 1,
(nimble swimmer 1), tentacles
a: no special abilities


You were on level 2 of the Dungeon.
You visited 1 branch of the dungeon, and saw 2 of its levels.

You collected 196 gold pieces.

Inventory:

Jewellery
 i - a ring of willpower (left tentacle)
Scrolls
 d - a scroll of blinking {unknown}
 f - 2 scrolls of vulnerability {unknown}
 g - a scroll of teleportation {unknown}
 h - 5 scrolls of identify {unknown}
 l - 3 scrolls of magic mapping {unknown}
Potions
 a - a potion of lignification
 b - a potion of brilliance {unknown}
 c - a potion of cancellation {unknown}
 e - 2 potions of curing {unknown}
 j - a potion of might {unknown}
 k - 2 potions of degeneration {unknown}
 m - a potion of resistance {unknown}


   Skills:
 + Level 1.0 Fighting
 + Level 2.2 Dodging
 + Level 3.7 Unarmed Combat
 * Level 2.5 Spellcasting
 * Level 2.3 Transmutations
 * Level 1.0 Poison Magic


You had 3 spell levels left.
You knew the following spells:

 Your Spells              Type           Power      Damage    Failure   Level
a - Beastly Appendage     Tmut           18%        N/A       7%          1
b - Spider Form           Tmut/Pois      7%         N/A       28%         3

Your spell library contained the following spells:

 Spells                   Type           Power      Damage    Failure   Level
 Wereblood                Tmut           9%         N/A       11%         2
 Ice Form                 Ice/Tmut       6%         N/A       75%         4


Dungeon Overview and Level Annotations

Branches:
Dungeon (2/15)

Altars:

Shops:
D:1 *

Annotations:
D:2 Sigmund


Innate Abilities, Weirdness & Mutations

You cannot wear most types of armour.
You are amphibious.
You can wear up to eight rings at the same time.
Your skin changes colour to match your surroundings (Stealth+).
Your rubbery body absorbs attacks. (AC +1, EV +1)
((You are camouflaged when in or above water. (Stealth+)))
You have tentacles for arms and can constrict up to eight enemies at once.


Message History

Key pressed, stopping explore.
No target in view!
A kobold comes into view. It is wielding a +0 short sword.
A kobold is nearby!
No reachable target in view!
A kobold is nearby!
No reachable target in view!
A kobold is nearby!
No reachable target in view!
A kobold is nearby!
No reachable target in view!
The kobold shouts!
You see here a +0 dagger.
You see here a +0 dagger.
You barely miss the kobold.
Sigmund shouts!
You grab the kobold. You constrict the kobold.
Sigmund gestures wildly while chanting.
Sigmund flickers and vanishes!
Deactivating autopickup; reactivate with Ctrl-A.
The kobold misses you.
You release your grip on the kobold.
You miss the kobold. Your grab misses the kobold.
Your squeeze misses the kobold.
The kobold is moderately wounded.
The kobold barely misses you.
You tentacle-slap the kobold.
You kill the kobold!
A puff of flame appears from out of thin air!
The puff of flame hits you!
A magic dart appears from out of thin air!
The magic dart hits you.
Saving game... please wait.
Level annotation: Sigmund Welcome back, H0rd4k the Octopode Transmuter.
Press ? for a list of commands and other information.
Something hits you.
Deactivating autopickup; reactivate with Ctrl-A.
Something hits you!
You die...

############
...........#
.......###.#
.#####.#.#.# .#
#..<#.# ##########.#
...........#
######################
................@....#
###################.##
.####### #.# ......>#
#.# .#.###.### #.#
.#.#.....# #.#
.#.#.#.#.# #.#
.#.#.#.#.# #.#
.#.#[#.#.# #.#


There were no monsters in sight!

Vanquished Creatures
  2 adders (D:2)
  A dart slug (D:2)
  5 bats (D:1)
  3 endoplasms
  A giant cockroach (D:1)
  3 goblins
  A hobgoblin (D:2)
  2 jackals (D:2)
  4 kobolds
  A quokka (D:2)
  4 ball pythons
  A frilled lizard (D:2)
  A rat (D:1)
29 creatures vanquished.

Notes
Turn   | Place    | Note
-------+----------+-------------------------------------------
     0 | D:1      | H0rd4k the Octopode Transmuter began the quest for the Orb.
     0 | D:1      | Reached XP level 1. HP: 13/13 MP: 3/3
   230 | D:1      | Found Oxafetz's Assorted Antiques.
   553 | D:1      | Reached XP level 2. HP: 18/18 MP: 5/5
  1438 | D:2      | Noticed Sigmund
  1490 | D:2      | Reached XP level 3. HP: 23/23 MP: 6/6
  1494 | D:2      | Learned a level 3 spell: Spider Form
  1946 | D:2      | Reached skill level 1 in Poison Magic
  2319 | D:2      | Slain by Sigmund

Illustrated notes

Levels and vault maps discovered:
D:1:      lightli_arrival_maybe_door_vault, layout_basic, serial_shops,
          shop_coins, chequers_mini_garden
D:2:      layout_basic, uniq_sigmund

Skill      XL: |  1  2  3 |
---------------+----------+-----
Poison Magic   | 1 |  1.0
Fighting       | |  1.0
Dodging        | |  2.2
Unarmed Combat | |  3.7
Spellcasting   | |  2.5
Transmutations | |  2.3

Action                   || total
-------------------------++-------
Melee: Unarmed           ||    60
       Constrict         ||    20
       Tentacles         ||    12
       Kick              ||     1
       Punch             ||     1
 Cast: Beastly Appendage ||     1
 Stab: Sleeping          ||     8
Armor: Skin              ||     3
Dodge: Dodged            ||    48
